 Dungeon Crawl Stone Soup version 0.24-a0-29-g43a6aff (webtiles) character file.

Game seed: 17503329963752257995

34141 ohad the Carver (level 14, 0/115 HPs)
             Began as a Formicid Fighter on Feb 2, 2019.
             Was a High Priest of Makhleb.
             Killed from afar by a molten gargoyle (30 damage)
             ... with a bolt of magma
             ... in a volcano.
             The game lasted 00:56:12 (20774 turns).

ohad the Carver (Formicid Fighter)                 Turns: 20774, Time: 00:56:14

Health: 0/115      AC: 13    Str: 21    XL:     14   Next: 11%
Magic:  20/20      EV: 20    Int:  9    God:    Makhleb [*****.]
Gold:   920        SH: 13    Dex: 19    Spells: 13/13 levels left

rFire    . . .     SeeInvis +   s - +1 scimitar
rCold    . . .     Gourm    .   c - +1 shield
rNeg     . . .     Faith    .   C - +0 chain mail
rPois    .         Spirit   .   (helmet unavailable)
rElec    .         Reflect  .   v - +0 cloak
rCorr    +         Harm     .   (no gloves)
MR       +....                  (no boots)
Stlth    ..........             J - amulet of the acrobat
HPRegen  0.29/turn              x - +4 ring of evasion
MPRegen  0.17/turn              O - ring of resist corrosion

@: agile
A: permanent stasis, dig shafts and tunnels, four strong arms, antennae 3
a: Dig, Shaft Self, Minor Destruction, Lesser Servant of Makhleb, Major
Destruction, Greater Servant of Makhleb, Renounce Religion


You were in a volcano.
You worshipped Makhleb.
Makhleb was extremely pleased with you.
You were not hungry.

You visited 2 branches of the dungeon, and saw 16 of its levels.
You also visited: Bailey and Volcano.

You collected 920 gold pieces.

Inventory:

Hand Weapons
 a - a +0 long sword
 k - a +0 morningstar
 r - a +0 arbalest
 s - a +1 scimitar (weapon)
 I - a +4 flail
Missiles
 m - 71 poisoned needles
 q - 32 bolts
 u - 28 tomahawks
 H - 2 throwing nets (quivered)
 N - 10 javelins
Armour
 b - a +0 scale mail
 c - a +1 shield (worn)
 v - a +0 cloak (worn)
 C - a +0 chain mail (worn)
 S - the +1 ring mail of the Albatross {rC+, unknown}
   (You found it on level 4 of the Lair of Beasts)

   It protects you from cold.
Jewellery
 o - an uncursed ring of ice
 x - a +4 ring of evasion (left hand)
 J - an amulet of the acrobat (around neck)
 O - a ring of resist corrosion (right hand)
 P - an uncursed ring of positive energy
Wands
 h - a wand of flame (24)
 t - a wand of iceblast (6)
 z - a wand of acid (22)
 B - a wand of clouds (4)
 E - a wand of polymorph (11)
Scrolls
 e - a scroll of immolation
 g - 5 scrolls of identify
 i - 2 scrolls of magic mapping
 j - 2 scrolls of fog
 n - 3 scrolls of amnesia
 w - 2 scrolls of enchant weapon
 y - a scroll of enchant armour
 A - 7 scrolls of remove curse
 G - a scroll of silence
 L - a scroll of fear
Potions
 d - 2 potions of might
 l - 2 potions of brilliance
 p - 3 potions of heal wounds
 D - a potion of magic
 F - a potion of cancellation
 M - a potion of ambrosia
 Q - a potion of agility
Miscellaneous
 K - a phial of floods
Comestibles
 f - 19 rations


   Skills:
 - Level 12.2 Fighting
 - Level 14.0 Long Blades
 - Level 2.2 Crossbows
 - Level 10.3 Armour
 + Level 4.6 Dodging
 - Level 10.0 Shields
 - Level 8.0 Invocations


You had 13 spell levels left.
You didn't know any spells.
Your spell library contained the following spells:

 Spells                   Type           Power        Failure   Level  Hunger
 Beastly Appendage        Tmut           #.....       95%         1    ##.....
 Freeze                   Ice            #...         95%         1    ##.....
 Magic Dart               Conj           #...         95%         1    ##.....
 Summon Butterflies       Summ           #.......     95%         1    ##.....
 Summon Small Mammal      Summ           #...         95%         1    ##.....
 Call Imp                 Summ           #.......     98%         2    ###....
 Searing Ray              Conj           #.....       98%         2    ###....
 Sticks to Snakes         Tmut           #.......     98%         2    ###....
 Throw Frost              Conj/Ice       #.....       98%         2    ###....
 Call Canine Familiar     Summ           #.......     100%        3    ####...
 Dazzling Spray           Conj/Hex       #.....       100%        3    ####...
 Ozocubu's Armour         Chrm/Ice       #.......     100%        3    ####...
 Spider Form              Tmut/Pois      #.........   100%        3    ####...
 Summon Guardian Golem    Hex/Summ       #.......     100%        3    ####...
 Force Lance              Conj/Tloc      #.......     100%        4    #####..
 Fulminant Prism          Conj/Hex       #.........   100%        4    #####..
 Ice Form                 Ice/Tmut       #.......     100%        4    #####..
 Iskenderun's Mystic Bla  Conj           #.......     100%        4    #####..
 Summon Ice Beast         Ice/Summ       #.......     100%        4    #####..
 Summon Lightning Spire   Summ/Air       #.......     100%        4    #####..
 Throw Icicle             Conj/Ice       #.......     100%        4    #####..
 Blade Hands              Tmut           #.........   100%        5    ######.
 Summon Mana Viper        Hex/Summ       #.......     100%        5    ######.
 Summon Hydra             Summ           #.........   100%        7    #######


Dungeon Overview and Level Annotations

Branches:
Dungeon (12/15)            Temple (0/1) D:6            Lair (4/6) D:9
 Shoals (0/4) Lair:4       Spider (0/4) Lair:2          Orc (0/2) D:10

Altars:
Kikubaaqudgha
Makhleb
Nemelex Xobeh
Qazlal
Sif Muna
Vehumet
Xom
Yredelemnul

Shops:
D:4 :   D:5 [

Annotations:
D:6 2 transporters, Ratty's ghost, novice DsFi


Innate Abilities, Weirdness & Mutations

You cannot be hasted, slowed, berserked, paralysed or teleported.
You can dig through walls and to a lower floor.
Your four strong arms can wield two-handed weapons with a shield.
You have a pair of large antennae on your head. (SInv)


Message History

You see here a lindwurm corpse.
You are engulfed in a cloud of scalding steam.
* * * LOW HITPOINT WARNING * * *
The steam dragon closely misses your hellwing.
The steam dragon completely misses your hellwing.
You block the molten gargoyle's attack.
Found a bloodstained altar of Trog.
Unknown command.
You slash the molten gargoyle!
The molten gargoyle is moderately damaged.
The air gets thick with the scent of sulphur.
Your hellwing hits the molten gargoyle but does no damage.
Your hellwing hits the molten gargoyle.
You hit the molten gargoyle but do no damage.
The molten gargoyle is moderately damaged.
The steam dragon barely misses your hellwing.
The steam dragon claws your hellwing but does no damage.
The molten gargoyle blasts magma at you!
The bolt of magma hits you!!
You die...

#......≈≈§§...#
#...##.§§≈...##
#8.8###§.§§.##
##.## ##...## #.#
#..##
########'########
##....##D..##....##
#$.....49∩.'......#
#$8§.⌠§#@..#.⌠..8.#
#$.§.§.##'##......#
##§§§.## ..##....##
###8## ..###8### #[
{ _.#{!)# .)
..+$$!. ###
.####### ##


You could see a molten gargoyle, a steam dragon and a friendly hellwing.

Vanquished Creatures
  Gastronok (Lair:2)
  A hydra (Lair:1)
  3 two-headed ogres
  A queen ant (Lair:3)
  A skeletal warrior (D:11)
  A lindwurm (Volcano)
  2 unseen horrors
  Pikel (D:5)
  A cyclops (D:11)
  3 elephants
  6 black mambas
  4 spiny frogs
  4 komodo dragons
  2 rime drakes
  A hornet (Lair:2)
  4 trolls
  3 blink frogs (Lair:1)
  5 hippogriffs
  16 yaks
  4 wyverns
  6 fire bats (Volcano)
  4 vampire mosquitoes
  Eustachio (D:6)
  A steam dragon (Volcano)
  A basilisk (D:9)
  Edmund (D:6)
  14 soldier ants (Lair:3)
  9 water moccasins
  A hell hound (Volcano)
  9 porcupines
  6 orc warriors
  2 ice beasts
  3 black bears (D:9)
  4 sky beasts
  A necrophage (D:6)
  2 phantoms
  4 ogres
  A wolf (D:9)
  8 centaurs
  9 crocodiles
  3 big kobolds
  10 bullfrogs
  9 scorpions
  A water moccasin skeleton (D:8)
  25 killer bees
  2 howler monkeys (D:8)
  A bullfrog zombie (D:10)
  3 crimson imps
  6 lava snakes (Volcano)
  4 jellies
  10 hounds
  4 orc priests
  10 orc wizards
  A bullfrog skeleton (D:5)
  3 centaur skeletons
  Ijyb (D:3)
  4 iguanas
  10 hell rats (Lair:1)
  33 worker ants
  A hound zombie (D:8)
  A howler monkey zombie (D:10)
  A worker ant zombie (D:6)
  13 adders
  3 gnolls (D:7)
  10 river rats (Lair:1)
  4 shadow imps
  An adder zombie (D:9)
  2 adder skeletons
  3 worms
  3 dart slugs
  9 leopard geckos
  46 orcs
  8 giant cockroaches
  8 goblins
  10 hobgoblins
  11 jackals
  21 kobolds
  5 quokkas
  A ball python (D:4)
  A ball python skeleton (D:4)
  7 bats
  5 frilled lizards
  2 leopard gecko skeletons
  20 rats
  A fungus (Lair:1)
488 creatures vanquished.

Vanquished Creatures (collateral kills)
  3 hydras
  A shadow (D:11)
  A water moccasin (Lair:3)
  A hell hound (Volcano)
  A phantom (D:11)
  A bullfrog (Lair:2)
8 creatures vanquished.

Vanquished Creatures (others)
  A slave (D:5)
  A centaur (D:5)
  A crimson imp (D:5)
  A hound (D:5)
  A bullfrog skeleton (D:5)
  A shadow imp (D:5)
  8 fungi
  8 plants
22 creatures vanquished.

Grand Total: 518 creatures vanquished

Notes
Turn   | Place    | Note
-------+----------+-------------------------------------------
     0 | D:1      | ohad the Formicid Fighter began the quest for the Orb.
     0 | D:1      | Reached XP level 1. HP: 18/18 MP: 1/1
   131 | D:1      | Reached XP level 2. HP: 24/24 MP: 2/2
   221 | D:1      | Reached skill level 3 in Long Blades
   554 | D:1      | Reached XP level 3. HP: 29/29 MP: 3/3
   919 | D:2      | Reached skill level 4 in Long Blades
   919 | D:2      | Reached XP level 4. HP: 31/35 MP: 4/4
  1261 | D:2      | Found a deep blue altar of Sif Muna.
  1410 | D:3      | Found an ancient bone altar of Kikubaaqudgha.
  1616 | D:3      | Reached XP level 5. HP: 38/41 MP: 5/5
  1682 | D:3      | Found a burning altar of Makhleb.
  1698 | D:3      | Became a worshipper of Makhleb the Destroyer
  1762 | D:3      | Found a sparkling altar of Nemelex Xobeh.
  1964 | D:3      | Reached skill level 5 in Long Blades
  1988 | D:3      | Noticed Ijyb
  2031 | D:3      | Killed Ijyb
  2629 | D:4      | Reached XP level 6. HP: 22/47 MP: 6/6
  2801 | D:4      | Reached skill level 6 in Long Blades
  3198 | D:4      | Reached skill level 7 in Long Blades
  3198 | D:4      | Reached XP level 7. HP: 42/52 MP: 7/7
  3278 | D:4      | Found Qesaom's Book Emporium.
  3491 | D:5      | Entered Level 5 of the Dungeon
  3592 | D:5      | Reached * piety under Makhleb
  3595 | D:5      | Noticed Pikel
  3620 | D:5      | Killed Pikel
  3620 | D:5      | Reached skill level 9 in Long Blades
  3620 | D:5      | Reached XP level 8. HP: 29/58 MP: 8/8
  4008 | D:5      | Reached skill level 10 in Long Blades
  4195 | D:5      | Found a shimmering altar of Xom.
  4329 | D:5      | Reached XP level 9. HP: 51/64 MP: 9/9
  4615 | D:5      | Found a basalt altar of Yredelemnul.
  4615 | D:5      | Found a stormy altar of Qazlal.
  4715 | D:5      | Found Aqirghen's Armour Shop.
  4788 | D:6      | Noticed Eustachio
  4808 | D:6      | Killed Eustachio
  4808 | D:6      | Reached skill level 11 in Long Blades
  4901 | D:6      | Found a transporter.
  4901 | D:6      | Noticed Ratty's ghost (novice DsFi)
  4909 | D:6      | Found a transporter.
  4916 | D:6      | Found a radiant altar of Vehumet.
  5045 | D:6      | Reached ** piety under Makhleb
  5356 | D:6      | Reached skill level 12 in Long Blades
  6096 | D:6      | Noticed Edmund
  6113 | D:6      | Killed Edmund
  6176 | D:6      | Reached XP level 10. HP: 69/70 MP: 10/10
  6190 | D:6      | Found a staircase to the Ecumenical Temple.
  6900 | D:8      | Reached skill level 13 in Long Blades
  7044 | D:8      | Reached *** piety under Makhleb
  7115 | D:8      | Found a flagged portal.
  7127 | Bailey   | Entered a bailey
  7645 | Bailey   | HP: 3/70 [orc warrior/bolt (20)]
  7964 | Bailey   | Reached skill level 1 in Invocations
  8854 | D:9      | Reached skill level 14 in Long Blades
  9101 | D:9      | Found a staircase to the Lair.
  9123 | D:9      | Reached skill level 5 in Shields
 10037 | D:9      | Reached XP level 11. HP: 65/75 MP: 12/12
 10486 | D:10     | Entered Level 10 of the Dungeon
 10491 | D:9      | Noticed a two-headed ogre
 10507 | D:9      | Killed a two-headed ogre
 10711 | D:10     | Reached skill level 10 in Shields
 11007 | D:10     | Reached skill level 1 in Crossbows
 11091 | D:10     | Reached **** piety under Makhleb
 11157 | D:10     | Noticed an unseen horror
 11179 | D:10     | Killed an unseen horror
 11214 | D:10     | Found a staircase to the Orcish Mines.
 11368 | D:10     | Noticed a two-headed ogre
 11710 | D:10     | Reached skill level 5 in Fighting
 12145 | D:10     | You fall through a shaft!
 12157 | D:11     | Reached skill level 5 in Armour
 12497 | D:11     | Noticed a two-headed ogre
 12817 | D:10     | Killed a two-headed ogre
 12992 | D:11     | Reached XP level 12. HP: 89/89 MP: 13/13
 13325 | D:11     | Killed a two-headed ogre
 13325 | D:11     | Reached skill level 5 in Invocations
 13586 | D:11     | Noticed an unseen horror
 13601 | D:11     | Killed an unseen horror
 13677 | D:12     | Noticed a death knight
 13677 | D:12     | Noticed a skeletal warrior
 13677 | D:12     | Noticed a skeletal warrior
 13677 | D:12     | Noticed a skeletal warrior
 13694 | D:11     | Killed a skeletal warrior
 14015 | Lair:1   | Entered Level 1 of the Lair of Beasts
 15368 | Lair:1   | Noticed a seven-headed hydra
 15383 | Lair:1   | Killed a seven-headed hydra
 15598 | Lair:2   | Noticed a six-headed hydra
 15605 | Lair:2   | Killed a six-headed hydra
 15808 | Lair:2   | Noticed a five-headed hydra
 15879 | Lair:1   | HP: 4/89 [poisoned by a black mamba]
 16474 | Lair:2   | Noticed Gastronok
 16628 | Lair:2   | Killed Gastronok
 16628 | Lair:2   | Reached skill level 10 in Armour
 16628 | Lair:2   | Reached XP level 13. HP: 52/95 MP: 19/19
 16864 | Lair:2   | Found a hole to the Spider Nest.
 17124 | Lair:2   | Killed a five-headed hydra
 18121 | Lair:3   | Reached skill level 10 in Fighting
 18138 | Lair:3   | Reached ***** piety under Makhleb
 18770 | Lair:3   | Found the +8 whip "Snakebite" {curare, rPois}
 19638 | Lair:4   | Noticed a seven-headed hydra
 19682 | Lair:3   | Killed a seven-headed hydra
 19896 | Lair:4   | Reached skill level 1 in Dodging
 20069 | Lair:4   | Found a staircase to the Shoals.
 20145 | Lair:4   | Reached XP level 14. HP: 115/115 MP: 20/20
 20154 | Lair:4   | Got a pitted ring mail
 20262 | Lair:4   | Found a dark tunnel.
 20271 | Volcano  | Entered a volcano
 20772 | Volcano  | Found a bloodstained altar of Trog.
 20774 | Volcano  | Killed from afar by a molten gargoyle

Vault maps used:
D:1:      tarquinn_simple_flora_water_d, kennysheep_pointless_box
D:2:      lemuel_blue_sif_altar, serial_glass, glass_columns_c, glass_columns_a,
          feat_on_display
D:3:      kiku_gazebo_garden_becter, lemuel_round_altar, first_ration,
          serial_forest, infiniplex_forest_corner_2,
          infiniplex_forest_lined_corner, infiniplex_forest_clump_diagonal,
          infiniplex_forest_clump_diagonal, nemelex_lonely_heart_becter,
          uniq_ijyb
D:4:      serial_shops, shop, hangedman_decor_lopped
D:5:      cheibrodos_quashed, amethyst_overflow_temple_binary, serial_shops,
          shop, basic_altar, minmay_crossroads, uniq_pikel
D:6:      overflow_temple_1_default, temple_hall, gammafunk_ghost_arena,
          uniq_edmund, uniq_eustachio
D:7:      corexii_corridor_pit
D:8:      enter_bailey_2, blue_anna_alchemist
D:9:      minmay_lair_entry_grove
D:10:     erik_orc_3
D:12:     minmay_fractal_squares_gapless_7
Lair:1:   lemuel_ratsnest
Lair:2:   nicolae_spider_entry_non_spiders, uniq_gastronok
Lair:3:   minmay_guarded_unrand_snakebite, serial_rivers,
          chequers_serial_rivers_small_a, chequers_serial_rivers_micro_a,
          chequers_serial_rivers_room_b, chequers_serial_rivers_micro_c,
          zaba_anthell
Lair:4:   minmay_shoals_entry_centaurs, enter_volcano_2, serial_bayou_shore_b,
          lemuel_fruit_fields
Bailey:   bailey_polearm_2, bailey
Volcano:  volcano_grotto

Skill      XL: |  1  2  3  4  5  6  7  8  9 10 11 12 13 14 |
---------------+-------------------------------------------+-----
Long Blades    | 3 4 5 7 9 10 12 14 | 14.0
Invocations    | 1 2 8 |  8.0
Shields        | 7 10 | 10.0
Fighting       | 6 12 | 12.2
Crossbows      | 2 |  2.2
Armour         | 5 10 | 10.3
Dodging        | 3 4 |  4.6

Action                   |  1- 3 |  4- 6 |  7- 9 | 10-12 | 13-15 || total
-------------------------+-------+-------+-------+-------+-------++-------
Melee: Long sword        |   127 |   201 |   386 |       |       ||   714
       Unarmed           |       |    35 |       |       |       ||    35
       Scimitar          |       |       |    32 |  1069 |   707 ||  1808
       Morningstar       |       |       |       |     5 |     4 ||     9
       Flail             |       |       |       |     3 |       ||     3
 Fire: Arbalest          |       |       |       |     3 |       ||     3
Throw: Throwing net      |       |     1 |       |       |     1 ||     2
       Tomahawk          |       |       |     1 |     2 |       ||     3
Invok: Lesser Servant of |       |       |       |     9 |     5 ||    14
 Abil: Dig               |     1 |       |       |     8 |       ||     9
Evoke: Wand              |       |       |       |     1 |       ||     1
  Use: Scroll            |       |       |    11 |    12 |     1 ||    24
       Potion            |       |       |     3 |     5 |     1 ||     9
 Stab: Held in net/web   |       |     2 |       |       |     1 ||     3
  Eat: Chunk             |       |     8 |    10 |    11 |    10 ||    39
       Ration            |       |       |       |     8 |     1 ||     9
Armor: Scale mail        |    48 |    69 |    24 |       |       ||   141
       Chain mail        |       |       |   107 |   229 |   169 ||   505
Dodge: Dodged            |    21 |    98 |   109 |   365 |   265 ||   858
Block: Shield            |    62 |   119 |   159 |   573 |   367 ||  1280
       Rpst.: Long sword |     4 |    19 |    27 |       |       ||    50
       Scimitar          |       |       |     3 |    93 |    72 ||   168

Table legend:
 A = Non-vault XP
 B = Vault XP
 C = Vault XP percentage of total XP
 D = Non-vault monster count
 E = Vault monster count
 F = Vault count percentage of total count
                 A         B        C        D         E       F
            +---------+---------+-------+---------+---------+-------
      Total |   33331 |   15442 |  31.7 |     346 |     149 |  30.1
            +---------+---------+-------+---------+---------+-------
        D:1 |      43 |       0 |   0.0 |      24 |       0 |   0.0
        D:2 |      69 |       0 |   0.0 |      30 |       0 |   0.0
        D:3 |     111 |      36 |  24.5 |      20 |       1 |   4.8
        D:4 |     344 |       0 |   0.0 |      19 |       0 |   0.0
        D:5 |     842 |     663 |  44.1 |      28 |       1 |   3.4
        D:6 |    1489 |     369 |  19.9 |      38 |       2 |   5.0
        D:7 |     136 |       0 |   0.0 |       9 |       0 |   0.0
        D:8 |    1152 |     100 |   8.0 |      24 |       1 |   4.0
        D:9 |    2674 |    1548 |  36.7 |      21 |      13 |  38.2
       D:10 |    3833 |     654 |  14.6 |      43 |      15 |  25.9
       D:11 |    5338 |       0 |   0.0 |      23 |       0 |   0.0
     Lair:1 |    3182 |     716 |  18.4 |      10 |      35 |  77.8
     Lair:2 |    6325 |    2645 |  29.5 |      26 |       9 |  25.7
     Lair:3 |    4067 |    5712 |  58.4 |      17 |      50 |  74.6
     Lair:4 |    3726 |     448 |  10.7 |      14 |       4 |  22.2
     Bailey |       0 |     132 | 100.0 |       0 |       2 | 100.0
    Volcano |       0 |    2419 | 100.0 |       0 |      16 | 100.0
            +---------+---------+-------+---------+---------+-------
